 Dungeon Crawl Stone Soup version 0.27.1-34-g3ba077fa99 (webtiles) character file.

Game seed: 11521735176873061141

23 Descartes the Grasshopper (level 2, -4/15 HPs)
             Began as a Spriggan Warper on Jan 12, 2022.
             Was an Elder of Uskayaw.
             Slain by a worm (5 damage)
             ... on level 2 of the Dungeon.
             The game lasted 00:02:11 (1217 turns).

Descartes the Grasshopper (Spriggan Warper)         Turns: 1217, Time: 00:02:11

Health: -4/15      AC:  2    Str:  7    XL:     2   Next: 72%
Magic:  7/7        EV: 17    Int: 14    God:    Uskayaw [****..]
Gold:   14         SH:  0    Dex: 14    Spells: 7/7 levels left

rFire    . . .     SeeInvis +   a - +0 short sword
rCold    . . .     Faith    .   (shield restricted)
rNeg     . . .     Spirit   .   b - +0 robe
rPois    .         Reflect  .   (helmet restricted)
rElec    .         Harm     .   (no cloak)
rCorr    .         Rampage  .   (gloves unavailable)
Will     .....                  (boots unavailable)
Stlth    ++........             (no amulet)
HPRegen  0.05/turn              (no ring)
MPRegen  0.10/turn              (no ring)

@: very quick
A: very small, no large weapons, unfitting armour, see invisible, speed 3
a: Renounce Religion, Stomp, Line Pass


You were on level 2 of the Dungeon.
You worshipped Uskayaw.
Uskayaw was noncommittal.
You visited 1 branch of the dungeon, and saw 2 of its levels.

You collected 14 gold pieces.

Inventory:

Hand Weapons
 a - a +0 short sword (weapon)
Missiles
 d - 5 boomerangs of dispersal (quivered)
Armour
 b - a +0 robe (worn)
Scrolls
 c - a scroll of blinking
 i - a scroll of identify {unknown}
 j - a scroll of immolation {unknown}
Potions
 e - a potion of flight {unknown}
 f - a potion of haste {unknown}
 g - a potion of cancellation {unknown}
 h - a potion of degeneration {unknown}


   Skills:
 + Level 1.7 Fighting
 + Level 2.4 Short Blades
 - Level 1.0 Throwing
 + Level 3.4 Dodging
 + Level 1.0 Stealth
 + Level 3.0 Spellcasting
 + Level 4.6 Translocations
 + Level 0.4 Invocations


You had 7 spell levels left.
You didn't know any spells.
Your spell library contained the following spells:

 Spells                   Type           Power      Damage    Failure   Level
 Blink                    Tloc           N/A        N/A       4%          2
 Gell's Gravitas          Tloc           7%         N/A       10%         3
 Lesser Beckoning         Tloc           7%         N/A       10%         3
 Teleport Other           Tloc           15%        N/A       10%         3
 Manifold Assault         Tloc           15%        N/A       65%         5


Dungeon Overview and Level Annotations

Branches:
Dungeon (2/15)

Altars:
Uskayaw


Innate Abilities, Weirdness & Mutations

You are very small and have problems with some larger weapons.
You are too small for most types of armour.
You have supernaturally acute eyesight. (SInv)
You cover ground extremely quickly. (Speed+++)


Message History

You hit the worm.
The worm is moderately wounded.
You hit the worm but do no damage.
The worm is moderately wounded.
The worm closely misses you.
You hit the worm.
The worm is moderately wounded.
You hit the worm.
The worm is heavily wounded.
The worm bites you.
* * * LOW HITPOINT WARNING * * *
You hit the worm.
The worm is heavily wounded.
You hit the worm.
The worm is severely wounded.
The worm closely misses you.
You hit the worm but do no damage.
The worm is heavily wounded.
The worm closely misses you.
You barely miss the worm.
The worm is heavily wounded.
You hit the worm.
The worm is severely wounded.
The worm barely misses you.
You hit the worm.
The worm is severely wounded.
Uskayaw will force your foes to share their pain.
You hit the worm but do no damage.
The worm is severely wounded.
The worm completely misses you.
You hit the worm.
The worm is severely wounded.
The worm bites you.
* * * LOW HITPOINT WARNING * * *
You hit the worm.
The worm is almost dead.
You hit the worm.
The worm is almost dead.
The worm bites you.
You die...

### ... #.# .# #
####.##.##.#
#.........
###.###!##.##.# #
......†.......##.#
.#.###w##.......#
#@###...#### #.#
#...# #.#
#...##### #.#
#....[..###
#.............#
#####..####†#.#
#..# #.#.# #..#
#.#.# #..# #.#.#


You could see a worm.

Vanquished Creatures
  A dart slug (D:1)
  3 bats (D:1)
  3 goblins (D:1)
  4 hobgoblins
  2 jackals (D:2)
  3 frilled lizards
  2 kobolds (D:1)
18 creatures vanquished.

Notes
Turn   | Place    | Note
-------+----------+-------------------------------------------
     0 | D:1      | Descartes the Spriggan Warper began the quest for the Orb.
     0 | D:1      | Reached XP level 1. HP: 10/10 MP: 5/5
   265 | D:1      | Found a faded altar of an unknown god.
   284 | D:1      | Became a worshipper of Uskayaw the Reveller
   284 | D:1      | Reached * piety under Uskayaw
   541 | D:1      | Reached XP level 2. HP: 14/15 MP: 6/6
  1187 | D:2      | Reached skill level 1 in Stealth
  1187 | D:2      | Reached ** piety under Uskayaw
  1194 | D:2      | Reached *** piety under Uskayaw
  1213 | D:2      | Reached **** piety under Uskayaw
  1217 | D:2      | Slain by a worm

Illustrated notes

Levels and vault maps discovered:
D:1:      dpeg_arrival_pits, layout_rooms, shapermc_ecumenical_altar_pompeii,
          serial_co_window_serial, co_window_paths_a, co_window_corner_a,
          co_window_paths_b, co_window_corner_a, co_window_paths_a,
          co_window_corner_b, co_window_unsneaky_path_e, co_window_broadway_b,
          glass_columns_a, glass_columns_a, glass_columns_a,
          chequers_serial_rivers_micro_b, chequers_serial_rivers_micro_a,
          hangedman_decor_diamond_cutter
D:2:      layout_loops_ring, basic_altar, serial_shops, nicolae_lakefront_shop,
          minmay_pentomino_p4

Skill      XL: |  1  2 |
---------------+-------+-----
Spellcasting   | 3 |  3.0
Stealth        | 1 |  1.0
Fighting       | |  1.7
Short Blades   | |  2.4
Throwing       | |  1.0
Dodging        | |  3.4
Translocations | |  4.6
Invocations    | |  0.4

Action                   || total
-------------------------++-------
Melee: Short sword       ||   102
Invok: Stomp             ||     1
 Stab: Sleeping          ||     2
       Paralysed         ||     1
Armor: Robe              ||    13
Dodge: Dodged            ||    92
